 Dungeon Sprint DCSS version 0.18.1-47-g9310371 (webtiles) character file.

1899 rftp080 the Bludgeoner (level 9, -1/114 HPs)
             Began as an Ogre Gladiator on June 20, 2016.
             Was the Champion of Makhleb.
             Slain by an eight-headed hydra (11 damage)
             ... in the Dungeon (Sprint IX: "|||||||||||||||||||||||||||||").
             The game lasted 00:02:29 (835 turns).

rftp080 the Bludgeoner (Ogre Gladiator)              Turns: 835, Time: 00:02:29

Health: -1/114     AC:  3    Str: 22    XL:     9   Next: 15%
Magic:  9/9        EV: 10    Int: 13    God:    Makhleb [******]
Gold:   12         SH:  0    Dex: 13    Spells: 0 memorised, 8 levels left

rFire  . . .     SeeInvis .     h - +0 giant club
rCold  . . .     Gourm    .     b - +0 robe
rNeg   . . .     Faith    .     (shield currently unavailable)
rPois  .         Spirit   .     c - +0 hat
rElec  .         Dismiss  .     (no cloak)
rCorr  .         Reflect  .     (gloves unavailable)
SustAt .         Harm     .     (boots unavailable)
MR     .....     NoTele   +     (no amulet)
Stlth  +.........               v - +3 ring of intelligence
                                u - +3 ring of intelligence

@: not resistant to hostile enchantments, very unstealthy
A: unfitting armour, tough skin 1
a: Minor Destruction, Lesser Servant of Makhleb, Major Destruction, Greater
Servant of Makhleb, Renounce Religion


You were in the Dungeon.
You worshipped Makhleb.
Makhleb was exalted by your worship.
You were hungry.

You visited 1 branch You collected 12 gold pieces.

Inventory:

Hand Weapons
 a - a +0 flail
 h - a +0 giant club (weapon)
 q - a +2 dire flail of crushing
 r - the +5 pair of quick blades "Gyre" and "Gimble" {pierce, Dex-3}
   (You found it in the Dungeon)

   It inflicts extra damage upon your enemies.
   It affects your dexterity (-3).
 s - the +4 quarterstaff of the Final Chapter {freeze, *Drain rElec rC++}
   (You found it in the Dungeon)

   It has been specially enchanted to freeze those struck by it, causing extra
   injury to most foes and up to half again as much damage against particularly
   susceptible opponents.
   It can also slow down cold-blooded creatures.
   It greatly protects you from cold.
   It insulates you from electricity.
   It causes draining when unequipped.
Missiles
 d - 3 throwing nets (quivered)
Armour
 b - a +0 robe (worn)
 c - a +0 hat (worn)
 t - a +0 cloak
Magical Staves
 p - an uncursed staff of energy
Jewellery
 u - a +3 ring of intelligence (left hand)
 v - a +3 ring of intelligence (right hand)
Wands
 o - a wand of acid (6/15)
Scrolls
 k - 2 scrolls of blinking
 l - a scroll of identify
 m - 5 scrolls of remove curse
 n - 2 scrolls of amnesia
 w - a scroll of fear
 x - 2 scrolls of enchant weapon
 y - a scroll of recharging
Potions
 e - 8 potions of curing
 g - 4 potions of heal wounds
 i - 4 potions of magic
Comestibles
 f - a bread ration


   Skills:
 + Level 14.6 Fighting
 * Level 19.6 Maces & Flails
 - Level 2.0 Throwing
 - Level 2.6 Dodging


You had 8 spell levels left.
You didn't know any spells.

Dungeon Overview and Level Annotations

Branches:
Dungeon (1/1)

Altars:
Cheibriados
Dithmenos
Elyvilon
Fedhas
Gozag
Kikubaaqudgha
Makhleb
Nemelex Xobeh
Okawaru
Pakellas
Qazlal
Ru
Sif Muna
Trog
Vehumet
Xom
Yredelemnul
Zin
The Shining One
Beogh
Jiyva
Lugonu


Innate Abilities, Weirdness & Mutations

You are too large for most types of armour.
You have tough skin (AC +1).


Message History

Evoke which item? (* to show all) (? for menu, Esc to quit)
Zapping:
o - a wand of acid (7/15)
Press: ? - help, Shift-Dir - straight line, f - eight-headed hydra
Aim: an eight-headed hydra (heavily wounded)
The bolt of acid hits the eight-headed hydra.
The acid corrodes the eight-headed hydra!
The eight-headed hydra is severely wounded.
The bolt of acid hits the six-headed hydra.
The acid corrodes the six-headed hydra!
The six-headed hydra is lightly wounded.
The bolt of acid hits the spiny frog.
The spiny frog is moderately wounded.
The bolt of acid hits the porcupine.
The porcupine is moderately wounded.
This wand has 6 charges left.
The eight-headed hydra bites you!
* * * LOW HITPOINT WARNING * * *
The eight-headed hydra bites you!
* * * LOW HITPOINT WARNING * * *
The eight-headed hydra bites you!
You die...

▓▓▓▓▓▓▓▓▓▓▓▓▓▓▓▓▓▓▓▓▓▓▓▓
)......'÷.÷.....@DDFrFH.
▓▓▓▓▓▓▓▓▓▓▓▓▓▓▓▓▓▓▓▓▓▓▓▓▓▓▓▓▓▓▓▓▓
.................................
▓▓▓▓▓▓▓▓▓▓▓▓▓▓▓▓▓▓▓▓▓▓▓▓▓▓▓▓▓▓▓▓▓
..'______________________'...).[[
▓▓▓▓▓▓▓▓▓▓▓▓▓▓▓▓▓▓▓▓▓▓▓▓▓▓▓▓▓▓▓▓▓


You could see an eight-headed hydra, a six-headed hydra, a hippogriff, a spiny
frog, a giant frog and a porcupine.

Vanquished Creatures
  A black mamba (D)
  2 wyverns (D)
  A yak (D)
  2 water moccasins (D)
  2 porcupines (D)
  An ice beast (D)
  2 ogres (D)
  A centaur (D)
  A crocodile (D)
  2 giant frogs (D)
  A killer bee (D)
  A hound (D)
  A jelly (D)
  2 iguanas (D)
  A worker ant (D)
  A sheep (D)
  An adder (D)
  A river rat (D)
  A shadow imp (D)
  An adder zombie (D)
  A dart slug (D)
  An orc (D)
  A bat skeleton (D)
  A goblin (D)
  A hobgoblin (D)
  A jackal (D)
  A kobold (D)
33 creatures vanquished.

Vanquished Creatures (others)
  A spatial maelstrom (D)
1 creature vanquished.

Grand Total: 34 creatures vanquished

Notes
Turn   | Place    | Note
--------------------------------------------------------------
     0 | D        | rftp080 the Ogre Gladiator began the quest for the Orb.
     0 | D        | Reached XP level 1. HP: 22/22 MP: 1/1
     6 | D        | Reached skill level 5 in Maces & Flails
     7 | D        | Banished a spatial maelstrom
    15 | D        | Reached XP level 2. HP: 25/32 MP: 2/2
    85 | D        | Reached skill level 5 in Fighting
    85 | D        | Reached skill level 7 in Maces & Flails
    85 | D        | Reached XP level 3. HP: 42/42 MP: 3/3
    87 | D        | Reached skill level 9 in Maces & Flails
    87 | D        | Reached XP level 4. HP: 52/52 MP: 4/4
    92 | D        | Reached skill level 10 in Maces & Flails
   100 | D        | Found a glowing silver altar of Zin.
   100 | D        | Found a glowing golden altar of the Shining One.
   100 | D        | Found an ancient bone altar of Kikubaaqudgha.
   100 | D        | Found a basalt altar of Yredelemnul.
   100 | D        | Found a shimmering altar of Xom.
   100 | D        | Found a radiant altar of Vehumet.
   101 | D        | Found an iron altar of Okawaru.
   102 | D        | Found a burning altar of Makhleb.
   103 | D        | Found a deep blue altar of Sif Muna.
   104 | D        | Found a bloodstained altar of Trog.
   105 | D        | Found a sparkling altar of Nemelex Xobeh.
   106 | D        | Found a white marble altar of Elyvilon.
   107 | D        | Found a roughly hewn altar of Beogh.
   108 | D        | Found a viscous altar of Jiyva.
   109 | D        | Found a corrupted altar of Lugonu.
   110 | D        | Found a blossoming altar of Fedhas.
   112 | D        | Became a worshipper of Makhleb the Destroyer
   114 | D        | Found a snail-covered altar of Cheibriados.
   115 | D        | Found a shadowy altar of Dithmenos.
   116 | D        | Found a stormy altar of Qazlal.
   117 | D        | Found an opulent altar of Gozag.
   118 | D        | Found a sacrificial altar of Ru.
   119 | D        | Found an oddly glowing altar of Pakellas.
   137 | D        | Got the +4 quarterstaff of the Final Chapter {freeze, *Drain rElec rC++}
   149 | D        | Noticed a centaur
   149 | D        | Noticed an ogre
   149 | D        | Noticed a wyvern
   149 | D        | Noticed a wyvern
   153 | D        | Killed a centaur
   153 | D        | Reached skill level 11 in Maces & Flails
   153 | D        | Reached XP level 5. HP: 43/66 MP: 5/5
   156 | D        | Reached * piety under Makhleb
   156 | D        | Reached skill level 12 in Maces & Flails
   163 | D        | Killed an ogre
   163 | D        | Reached skill level 13 in Maces & Flails
   163 | D        | Reached XP level 6. HP: 25/78 MP: 6/6
   169 | D        | Killed a wyvern
   169 | D        | Reached ** piety under Makhleb
   169 | D        | Reached skill level 14 in Maces & Flails
   171 | D        | Killed a wyvern
   171 | D        | Reached skill level 15 in Maces & Flails
   171 | D        | Reached XP level 7. HP: 33/88 MP: 7/7
   373 | D        | Reached skill level 16 in Maces & Flails
   377 | D        | Reached *** piety under Makhleb
   386 | D        | Reached **** piety under Makhleb
   386 | D        | Reached skill level 17 in Maces & Flails
   386 | D        | Reached XP level 8. HP: 95/101 MP: 8/8
   516 | D        | Noticed a yak
   516 | D        | Noticed a black mamba
   523 | D        | Killed a yak
   529 | D        | Reached ***** piety under Makhleb
   535 | D        | Killed a black mamba
   535 | D        | Reached skill level 18 in Maces & Flails
   545 | D        | Reached skill level 19 in Maces & Flails
   548 | D        | Reached XP level 9. HP: 38/113 MP: 9/9
   823 | D        | Noticed a spiny frog
   823 | D        | Noticed an eight-headed hydra
   823 | D        | Noticed a six-headed hydra
   826 | D        | Reached ****** piety under Makhleb
   835 | D        | Slain by an eight-headed hydra

Skill      XL: |  1  2  3  4  5  6  7  8 |
---------------+-------------------------+-----
Fighting       | 3 5 6 8 9 11 12 14 | 14.6
Maces & Flails | 5 7 9 11 13 15 17 19 | 19.6
Throwing       | |  2.0
Dodging        | |  2.6

Action                   |  1- 3 |  4- 6 |  7- 9 || total
-------------------------+-------+-------+-------++-------
Melee: Flail             |    14 |     5 |       ||    19
       Dire flail        |       |    19 |    22 ||    41
       Giant club        |       |       |    38 ||    38
Evoke: Wand              |       |       |     1 ||     1
  Use: Potion            |     1 |     2 |     2 ||     5
 Stab: Invisible         |       |     2 |       ||     2
  Eat: Chunk             |       |       |     1 ||     1
Armor: Robe              |       |     1 |     7 ||     8
Dodge: Dodged            |     6 |     9 |    18 ||    33
